 Dungeon Crawl Stone Soup version 0.31-a0-167-g1c394c0614 (webtiles) character file.

Game seed: 11303634236128853583

120393 qw the Tortoise (level 16, -1/106 HPs)
             Began as a Gargoyle Fighter on June 14, 2023.
             Was a Priest of Okawaru.
             Slain by an orc knight
             ... wielding a +0 halberd
              (15 damage)
             ... on level 2 of the Orcish Mines.
             The game lasted 00:15:02 (23517 turns).

qw the Tortoise (Gargoyle Fighter)                 Turns: 23517, Time: 00:15:02

Health: -1/106     AC: 51    Str: 27    XL:     16   Next: 82%
Magic:  23/23      EV: 13    Int: 10    God:    Okawaru [***...]
Gold:   1720       SH:  7    Dex:  7    Spells: 15/15 levels left

rFire   . . .        g - +5 war axe (vamp)
rCold   . . .        c - +0 buckler
rNeg    + . .        v - +0 crystal plate armour
rPois   inf          s - +2 helmet
rElec   +            E - scarf {repulsion}
rCorr   .            r - +2 pair of gloves
SInv    +            D - +2 pair of boots
Will    +....        B - amulet of the acrobat Stlth
                     y - +5 ring of evasion
HPRegen 0.37/turn    a - ring of see invisible
MPRegen 0.18/turn

%: repel missiles, acrobat
@: heroic, flying
A: sickness immunity, AC +12, big wings, negative energy resistance 1,
electricity resistance, torment resistance 1, petrification resistance, claws 1,
clumsy 1
a: Renounce Religion, Heroism


You were on level 2 of the Orcish Mines.
You worshipped Okawaru.
Okawaru was most pleased with you.
You visited 4 branches of the dungeon, and saw 23 of its levels.

You collected 2119 gold pieces.
You spent 399 gold pieces at shops.


Innate Abilities, Weirdness & Mutations

You are immune to sickness and miasma.
Your stone body is resilient. (AC +12)
You are immune to poison.
Your large and strong wings let you fly.
You resist negative energy. (rN+)
You are resistant to electric shocks. (rElec)
You are resistant to unholy torment.
You are immune to petrification.
You have sharp fingernails.
You are clumsy. (Dex -2)


   Skills:
 - Level 14.0(19.0) Fighting
 - Level 16.0(21.0) Axes
 - Level 8.0(13.0) Throwing
 + Level 16.8(21.8) Armour
 - Level 2.2(7.2) Dodging
 - Level 9.0(14.0) Shields
 - Level 10.1 Invocations


You had 15 spell levels left.
You didn't know any spells.
Your spell library was empty.

Inventory:

Hand Weapons
 g - a +5 vampiric war axe (weapon)
 o - a +0 broad axe
 u - a -2 morningstar
Missiles
 b - 3 boomerangs
 m - 3 javelins
 H - 3 silver javelins (quivered)
Armour
 c - a +0 buckler (worn)
 r - a +2 pair of gloves (worn)
 s - a +2 helmet (worn)
 v - a +0 crystal plate armour (worn)
 w - +0 acid dragon scales
 x - a +0 cloak
 D - a +2 pair of boots (worn)
 E - a scarf of repulsion (worn)
Jewellery
 a - a ring of see invisible (right hand)
 j - a ring of fire
 y - a +5 ring of evasion (left hand)
 B - an amulet of the acrobat (around neck)
 C - a ring of ice
 G - a +4 ring of slaying {mikee}
 Y - a ring of protection from cold
Wands
 z - a wand of digging (6)
Scrolls
 i - 6 scrolls of identify
 F - a scroll of brand weapon
Potions
 d - 6 potions of might
 f - 4 potions of magic
 h - 4 potions of lignification
 l - 4 potions of attraction
 n - a potion of cancellation
 p - 7 potions of curing
 q - a potion of haste
 t - a potion of mutation

Dungeon Overview and Level Annotations

Branches:
Dungeon (15/15)            Temple (1/1) D:7            Lair (5/5) D:11
  Swamp (0/4) Lair:2        Snake (0/4) Lair:3        Slime (0/5) Lair:4
    Orc (2/2) D:11         Vaults (0/5) D:14         Depths (0/4) D:15
    Elf: Orc:2

Altars:
Ashenzari
Cheibriados
Dithmenos
Elyvilon
Fedhas
Gozag
Hepliaklqana
Kikubaaqudgha
Makhleb
Nemelex Xobeh
Okawaru
Qazlal
Ru
Sif Muna
Trog
Uskayaw
Vehumet
Wu Jian
Xom
Yredelemnul
Zin
The Shining One
Jiyva

Shops:
D:7 (   D:9 *   D:14 !   Orc:2 :

Annotations:
D:5 3 runed translucent doors, qw's ghost, novice GrFi
Orc:1 1 runed translucent door, esran's ghost, journeyman TrFi


Message History

You completely miss the orc warlord. You closely miss the orc warrior.
You barely miss the orc warlord.
The orc warlord is moderately wounded.
You slash the orc warrior!
You feel better.
The orc warlord hits you with a +1 dire flail of protection!
The orc warrior misses you.
The orc knight hits you but does no damage.
The orc warrior hits you but does no damage.
You closely miss the orc warrior.
The orc warrior is heavily wounded.
You hit the orc warlord but do no damage.
The orc warrior no longer looks unusually strong.
The orc warlord roars a battlecry!
The orc warrior goes into a battle-frenzy!
The orc warrior hits you but does no damage.
The orc knight barely misses you. The orc warrior barely misses you.
You slice the orc warrior!!
You kill the orc warrior!
Okawaru accepts your kill.
You hit the orc warlord. You closely miss the orc knight.
The orc warlord hits you with a +1 dire flail of protection!
The orc knight hits you but does no damage. x2
The orc warrior hits you but does no damage.
You barely miss the orc warlord.
The orc warlord is moderately wounded.
You barely miss the orc knight. You slash the orc warlord!
The orc warlord is heavily wounded.
You hit the orc knight but do no damage.
You block the orc warlord's attack.
The orc knight hits you with a +3 war axe of venom.
The orc knight hits you from afar with a +0 halberd!!
The orc warrior hits you but does no damage.
You hit the orc warlord but do no damage.
The orc warlord is heavily wounded.
You slash the orc knight!
You feel better. The orc warlord misses you.
The orc knight hits you but does no damage.
The orc knight hits you from afar with a +0 halberd!
You die...

..........)).....P
#......)))).#..P..
..#...).)[.......\
....#.......#..P...
#.......<..........
#.#................
.............#.P...
#...........#.....P
........))@o.......
#..#.#.)oo)........
.##.....)o#........
....#.............
.....((...........
..................
..................
.................
..#.........P.


You could see an orc warlord (strong), 2 orc knights and an orc warrior
(strong).

Vanquished Creatures
  Kirke (D:14)
  A tengu reaver (D:15)
  Agnes (D:14)
  A storm dragon (D:15)
  A frost giant (D:15)
  A fire giant (D:15)
  A quicksilver ooze (shapeshifter) (D:15)
  A dire elephant (Lair:5)
  Nessos (D:14)
  A fire dragon (D:15)
  Josephine (D:14)
  2 ettins (D:15)
  A yaktaur captain (D:15)
  A rakshasa (D:15)
  Fannar (Lair:2)
  An ice dragon (D:14)
  6 catoblepae
  14 hydras
  Erica (D:8)
  4 boulder beetles
  3 ogre magi (D:15)
  6 centaur warriors
  A two-headed ogre (D:11)
  5 death yaks
  4 tengu warriors
  A death knight (D:15)
  Urug (Lair:5)
  2 orc high priests (Orc:2)
  2 deep elf knights (D:15)
  A skeletal warrior (D:15)
  A skyshark (Lair:3)
  A sea snake (shapeshifter) (D:15)
  10 slime creatures
  A wizard (D:15)
  A deep elf archer (D:15)
  2 lindwurms (Lair:5)
  6 orc knights
  Pikel (D:7)
  2 harpies (D:15)
  A wolf spider (D:15)
  7 manticores
  5 deep elf pyromancers
  A deep elf zephyrmancer (D:15)
  4 orc sorcerers
  12 ugly things
  10 cyclopes
  9 elephants
  10 black mambas
  2 torpor snails
  19 cane toads
  10 rime drakes
  9 komodo dragons
  3 freezing wraiths
  2 unseen horrors
  Maggie (Lair:2)
  An efreet (D:15)
  2 tengu conjurers (D:15)
  A wind drake (shapeshifter) (D:14)
  A meliai (D:15)
  A queen bee (shapeshifter) (D:14)
  6 trolls
  11 polar bears
  20 blink frogs
  4 dream sheep (Lair:5)
  3 hornets
  2 raiju (Lair:5)
  A centaur simulacrum (D:15)
  A slime creature (shapeshifter) (D:15)
  8 wyverns
  4 shadows
  3 humans (D:14)
  4 wraiths
  47 yaks
  9 basilisks
  7 wargs
  10 vampire mosquitoes
  16 water moccasins
  2 acid dragons
  13 hell hounds (Lair:5)
  16 orc warriors
  16 black bears
  7 centaurs
  An ogre (Orc:2)
  14 wolves (Lair:5)
  2 kobold brigands
  A lemure (D:7)
  11 bullfrogs
  A gnoll sergeant (D:7)
  8 wights
  7 scorpions
  11 killer bees
  3 howler monkeys (D:10)
  8 electric eels
  2 lava snakes (D:9)
  7 jellies
  8 orc priests
  5 hounds
  A sleepcap (D:7)
  2 iguanas (D:7)
  7 orc wizards
  A hell rat (Lair:4)
  8 ogre zombies (D:11)
  9 adders
  5 gnolls (D:7)
  2 shadow imps (D:6)
  2 white imps (D:5)
  2 ufetubi
  2 worms
  A dart slug (D:1)
  40 orcs
  8 ball pythons
  15 endoplasms
  4 giant cockroaches
  8 goblins
  3 hobgoblins
  6 jackals (D:4)
  5 quokkas
  10 bats
  2 frilled lizards (D:1)
  2 goblin skeletons (D:11)
  4 goblin zombies (D:11)
  4 hobgoblin skeletons (D:11)
  A hobgoblin zombie (D:11)
  10 kobolds
  An orc skeleton (D:11)
  13 orc zombies (D:11)
  7 rats
688 creatures vanquished.

Vanquished Creatures (others)
  A spark wasp (shapeshifter) (D:15)
  An orc warrior (Orc:2)
2 creatures vanquished.

Grand Total: 690 creatures vanquished

Notes
Turn   | Place    | Note
-------+----------+-------------------------------------------
     0 | D:1      | qw the Gargoyle Fighter began the quest for the Orb.
     0 | D:1      | Reached XP level 1. HP: 14/14 MP: 1/1
     0 | D:1      | 0 ||| qw: Version: 0.2-a-29-g1fa15c8
     0 | D:1      | 0 ||| qw: Game counter: 5095
     0 | D:1      | 0 ||| qw: Always use a shield: true
     0 | D:1      | 0 ||| qw: God list: Okawaru
     0 | D:1      | 0 ||| qw: Allow faded altars: false
     0 | D:1      | 0 ||| qw: Do Orc after D:15 true
     0 | D:1      | 0 ||| qw: Do second Lair branch before Depths: true
     0 | D:1      | 0 ||| qw: Lair rune preference: random
     0 | D:1      | 0 ||| qw: Plans: Normal, Zot:1-4, Slime:5, God:TSO, Crypt,
                  | Tomb, Abyss, Pan, Hells, Win
     0 | D:1      | 0 ||| PLANNING D:1-11
   134 | D:1      | 134 ||| Stepping ~*~*~tactically~*~*~ (hiding).
   147 | D:1      | Reached XP level 2. HP: 19/19 MP: 2/2
   431 | D:1      | 431 ||| Stepping ~*~*~tactically~*~*~ (stealth).
   439 | D:1      | Reached skill level 3 in Axes
   473 | D:1      | Reached XP level 3. HP: 21/23 MP: 3/3
   576 | D:1      | 576 ||| DROPPING +0 club.
   776 | D:1      | 776 ||| UPGRADING to +0 chain mail.
   786 | D:1      | 786 ||| DROPPING +0 scale mail.
   787 | D:1      | 787 ||| UPGRADING to ring of protection from cold.
   788 | D:1      | 788 ||| READING scroll labelled ISA ERCHOVEKLUU.
   789 | D:1      | 789 ||| READING scroll labelled POESEL RIMU.
   790 | D:1      | 790 ||| READING 2 scrolls labelled ZEAH NOKHLU.
   791 | D:1      | 791 ||| DRINKING 2 gluggy blue potions.
   792 | D:1      | 792 ||| DROPPING potion of degeneration.
  1099 | D:2      | 1099 ||| READING 3 scrolls of enchant weapon.
  1099 | D:2      | 1099 ||| ENCHANTING +1 war axe.
  1100 | D:2      | 1100 ||| READING 2 scrolls of enchant weapon.
  1100 | D:2      | 1100 ||| ENCHANTING +2 war axe.
  1101 | D:2      | 1101 ||| READING scroll of enchant weapon.
  1101 | D:2      | 1101 ||| ENCHANTING +3 war axe.
  1283 | D:2      | 1283 ||| UPGRADING to ring of willpower.
  1284 | D:2      | 1284 ||| READING scroll labelled TEMEMMONUFO.
  1285 | D:2      | 1285 ||| DRINKING 3 murky cyan potions.
  1310 | D:3      | Reached skill level 1 in Throwing
  1401 | D:3      | 1401 ||| Stepping ~*~*~tactically~*~*~ (stealth).
  1402 | D:3      | 1402 ||| Stepping ~*~*~tactically~*~*~ (stealth).
  1403 | D:3      | 1403 ||| Stepping ~*~*~tactically~*~*~ (stealth).
  1413 | D:3      | 1413 ||| Stepping ~*~*~tactically~*~*~ (stealth).
  1414 | D:3      | 1414 ||| Stepping ~*~*~tactically~*~*~ (stealth).
  1448 | D:3      | 1448 ||| Stepping ~*~*~tactically~*~*~ (stealth).
  1533 | D:3      | Found a hide-covered altar of Uskayaw.
  1542 | D:3      | Found a snail-covered altar of Cheibriados.
  1572 | D:3      | Reached XP level 4. HP: 28/28 MP: 4/4
  1573 | D:3      | Found a broken altar of Ashenzari.
  1796 | D:3      | Reached XP level 5. HP: 21/32 MP: 5/5
  2010 | D:3      | 2010 ||| DROPPING +0 mace.
  2049 | D:3      | 2049 ||| UPGRADING to +0 pair of gloves.
  2054 | D:3      | 2054 ||| READING 2 scrolls of enchant armour.
  2054 | D:3      | 2054 ||| ENCHANTING +0 pair of gloves.
  2055 | D:3      | 2055 ||| READING scroll of enchant armour.
  2055 | D:3      | 2055 ||| ENCHANTING +1 pair of gloves.
  2056 | D:3      | 2056 ||| READING scroll labelled TOPUQA SITSUOW.
  2122 | D:4      | 2122 ||| Stepping ~*~*~tactically~*~*~ (stealth).
  2236 | D:4      | Reached XP level 6. HP: 27/38 MP: 6/6
  2449 | D:4      | 2449 ||| Stepping ~*~*~tactically~*~*~ (stealth).
  2450 | D:4      | 2450 ||| Stepping ~*~*~tactically~*~*~ (stealth).
  2565 | D:4      | 2565 ||| Stepping ~*~*~tactically~*~*~ (stealth).
  2568 | D:4      | 2568 ||| Stepping ~*~*~tactically~*~*~ (stealth).
  3053 | D:4      | 3053 ||| UPGRADING to +0 plate armour.
  3063 | D:4      | 3063 ||| DROPPING +0 chain mail.
  3064 | D:4      | 3064 ||| DROPPING ring of wizardry.
  3065 | D:4      | 3065 ||| READING scroll labelled CATRILUSK XYAC.
  3066 | D:4      | 3066 ||| READING scroll labelled DOTHUE JEIC.
  3095 | D:4      | 3095 ||| DRINKING 2 bubbling coppery potions.
  3095 | D:4      | Gained mutation: You have sharp fingernails. [potion of
                  | mutation]
  3095 | D:4      | Gained mutation: You passively dampen the noise of your
                  | surroundings. [potion of mutation]
  3095 | D:4      | Gained mutation: You occasionally lose the ability to drink
                  | potions when taking damage. [potion of mutation]
  3095 | D:4      | Gained mutation: Your mind is acute. (Int +4, Str/Dex -1)
                  | [potion of mutation]
  3096 | D:4      | 3096 ||| DRINKING potion of mutation.
  3096 | D:4      | Lost mutation: You occasionally lose the ability to drink
                  | potions when taking damage. [potion of mutation]
  3096 | D:4      | Lost mutation: You passively dampen the noise of your
                  | surroundings. [potion of mutation]
  3096 | D:4      | Lost mutation: Your mind is acute. (Int +4, Str/Dex -1)
                  | [potion of mutation]
  3096 | D:4      | Gained mutation: You are clumsy. (Dex -2) [potion of
                  | mutation]
  3097 | D:4      | 3097 ||| DRINKING 2 grey potions.
  3098 | D:4      | 3098 ||| DROPPING potion of brilliance.
  3121 | D:5      | Entered Level 5 of the Dungeon
  3172 | D:5      | Noticed a water moccasin
  3182 | D:5      | Killed a water moccasin
  3183 | D:5      | Reached skill level 6 in Axes
  3183 | D:5      | Reached XP level 7. HP: 43/43 MP: 7/7
  3535 | D:5      | Found a runed translucent gate.
  3535 | D:5      | Found a runed translucent gate.
  3535 | D:5      | Found a runed translucent gate.
  3536 | D:5      | Noticed qw's ghost (novice GrFi)
  4195 | D:5      | 4195 ||| DRINKING 2 inky potions.
  4196 | D:5      | 4196 ||| DRINKING 2 amethyst potions.
  4464 | D:6      | 4464 ||| Stepping ~*~*~tactically~*~*~ (stealth).
  4555 | D:6      | Reached XP level 8. HP: 49/49 MP: 8/8
  4794 | D:6      | 4794 ||| Stepping ~*~*~tactically~*~*~ (hiding).
  5031 | D:6      | 5031 ||| READING scroll labelled PYAVOKO MINAWK.
  5032 | D:6      | 5032 ||| READING scroll labelled VIULLU NUOHYG.
  5033 | D:6      | 5033 ||| READING scroll labelled QYOCWO BENWITT.
  5034 | D:6      | 5034 ||| READING 2 scrolls labelled VAERETUYXE.
  5037 | D:6      | 5037 ||| DRINKING 2 murky brown potions.
  5038 | D:6      | 5038 ||| READING 2 scrolls of identify.
  5038 | D:6      | 5038 ||| IDENTIFYING golden potion
  5049 | D:7      | Found Osedgh's Weapon Emporium.
  5057 | D:7      | 5057 ||| SHOPLISTING +2 morningstar of freezing (268 gold,
                  | have 253).
  5059 | D:7      | 5059 ||| Stepping ~*~*~tactically~*~*~ (stealth).
  5061 | D:7      | Noticed Pikel
  5062 | D:7      | 5062 ||| Stepping ~*~*~tactically~*~*~ (stealth).
  5074 | D:7      | Killed Pikel
  5107 | D:7      | 5107 ||| Stepping ~*~*~tactically~*~*~ (stealth).
  5354 | D:7      | Reached skill level 6 in Fighting
  5464 | D:7      | Noticed a hornet
  5475 | D:7      | Killed a hornet
  5476 | D:7      | Reached XP level 9. HP: 37/55 MP: 9/9
  5589 | D:7      | Reached skill level 1 in Dodging
  5698 | D:7      | 5698 ||| Stepping ~*~*~tactically~*~*~ (hiding).
  5730 | D:7      | Found a staircase to the Ecumenical Temple.
  5731 | D:7      | 5731 ||| PLANNING TEMPLE
  5731 | D:7      | 5731 ||| UPGRADING to +0 helmet.
  5736 | D:7      | 5736 ||| READING scroll labelled HES GERIYX.
  5737 | D:7      | 5737 ||| READING scroll labelled XEBOSSIFES.
  5743 | Temple   | Entered the Ecumenical Temple
  5818 | Temple   | 5818 ||| PLANNING OKAWARU WORSHIP
  5838 | Temple   | Became a worshipper of Warmaster Okawaru
  5839 | Temple   | 5839 ||| PLANNING D:1-11
  5887 | D:7      | 5887 ||| Stepping ~*~*~tactically~*~*~ (stealth).
  5888 | D:7      | 5888 ||| Stepping ~*~*~tactically~*~*~ (stealth).
  5977 | D:7      | 5977 ||| Stepping ~*~*~tactically~*~*~ (stealth).
  5979 | D:7      | 5979 ||| Stepping ~*~*~tactically~*~*~ (hiding).
  5980 | D:7      | 5980 ||| Stepping ~*~*~tactically~*~*~ (hiding).
  5981 | D:7      | 5981 ||| Stepping ~*~*~tactically~*~*~ (hiding).
  6033 | D:7      | 6033 ||| Stepping ~*~*~tactically~*~*~ (stealth).
  6034 | D:7      | 6034 ||| Stepping ~*~*~tactically~*~*~ (stealth).
  6123 | D:7      | 6123 ||| Stepping ~*~*~tactically~*~*~ (stealth).
  6124 | D:7      | 6124 ||| Stepping ~*~*~tactically~*~*~ (stealth).
  6164 | D:7      | 6164 ||| Stepping ~*~*~tactically~*~*~ (hiding).
  6287 | D:7      | 6287 ||| Stepping ~*~*~tactically~*~*~ (stealth).
  6295 | D:7      | Reached skill level 9 in Axes
  6357 | D:7      | 6357 ||| Stepping ~*~*~tactically~*~*~ (stealth).
  6363 | D:7      | Reached skill level 6 in Armour
  6381 | D:7      | 6381 ||| DROPPING +0 flail.
  6744 | D:8      | Noticed Erica
  6745 | D:8      | 6745 ||| Stepping ~*~*~tactically~*~*~ (hiding).
  6759 | D:8      | Killed Erica
  6759 | D:8      | Reached * piety under Okawaru
  6790 | D:8      | Reached skill level 1 in Invocations
  6822 | D:8      | 6822 ||| READING scroll of enchant armour.
  6822 | D:8      | 6822 ||| ENCHANTING +0 helmet.
  7013 | D:8      | Reached XP level 10. HP: 64/64 MP: 10/12
  7044 | D:8      | Found a radiant altar of Vehumet.
  7209 | D:8      | Identified the +5 quarterstaff of Might {heavy, rPois rF+
                  | Will- Int+3}
  7407 | D:8      | 7407 ||| Stepping ~*~*~tactically~*~*~ (hiding).
  7415 | D:8      | Reached skill level 3 in Invocations
  7516 | D:8      | Found a white marble altar of Elyvilon.
  7524 | D:8      | 7524 ||| DROPPING ring of magical power.
  7525 | D:8      | 7525 ||| UPGRADING to ring of see invisible.
  7527 | D:8      | 7527 ||| UPGRADING to ring of protection from cold.
  7529 | D:8      | 7529 ||| READING 2 scrolls of identify.
  7529 | D:8      | 7529 ||| IDENTIFYING clear potion
  7571 | D:9      | Reached ** piety under Okawaru
  7572 | D:9      | 7572 ||| FLEEEEING.
  7573 | D:9      | 7573 ||| FLEEEEING.
  7574 | D:9      | 7574 ||| FLEEEEING.
  7575 | D:9      | 7575 ||| STAIRDANCE
  7609 | D:9      | 7609 ||| STAIRDANCE
  7675 | D:9      | 7675 ||| Stepping ~*~*~tactically~*~*~ (hiding).
  7676 | D:9      | 7676 ||| Stepping ~*~*~tactically~*~*~ (hiding).
  7677 | D:9      | 7677 ||| Stepping ~*~*~tactically~*~*~ (hiding).
  7678 | D:9      | 7678 ||| Stepping ~*~*~tactically~*~*~ (hiding).
  7679 | D:9      | 7679 ||| Stepping ~*~*~tactically~*~*~ (hiding).
  7696 | D:9      | 7696 ||| Stepping ~*~*~tactically~*~*~ (stealth).
  7697 | D:9      | 7697 ||| Stepping ~*~*~tactically~*~*~ (hiding).
  7698 | D:9      | 7698 ||| Stepping ~*~*~tactically~*~*~ (hiding).
  7700 | D:9      | 7700 ||| Stepping ~*~*~tactically~*~*~ (hiding).
  7731 | D:9      | 7731 ||| INVOKING Heroism.
  7840 | D:9      | 7840 ||| Stepping ~*~*~tactically~*~*~ (hiding).
  7855 | D:9      | 7855 ||| DRINKING 2 potions of curing.
  7855 | D:9      | 7855 ||| (to cure confusion)
  7872 | D:9      | 7872 ||| INVOKING Heroism.
  7929 | D:9      | 7929 ||| FLEEEEING.
  7933 | D:9      | 7933 ||| Stepping ~*~*~tactically~*~*~ (hiding).
  7934 | D:9      | 7934 ||| INVOKING Heroism.
  7977 | D:9      | 7977 ||| Stepping ~*~*~tactically~*~*~ (stealth).
  7979 | D:9      | 7979 ||| Stepping ~*~*~tactically~*~*~ (stealth).
  7982 | D:9      | 7982 ||| Stepping ~*~*~tactically~*~*~ (stealth).
  7983 | D:9      | 7983 ||| Stepping ~*~*~tactically~*~*~ (stealth).
  8089 | D:9      | Found Cafeizit's Elemental Accessories.
  8171 | D:9      | Found a flagged portal.
  8182 | D:9      | 8182 ||| INVOKING Heroism.
  8233 | D:9      | 8233 ||| INVOKING Heroism.
  8236 | D:9      | 8236 ||| Stepping ~*~*~tactically~*~*~ (water).
  8580 | D:9      | 8580 ||| INVOKING Heroism.
  8581 | D:9      | 8581 ||| Stepping ~*~*~tactically~*~*~ (water).
  8584 | D:9      | 8584 ||| Stepping ~*~*~tactically~*~*~ (stealth).
  8607 | D:9      | 8607 ||| INVOKING Heroism.
  8651 | D:10     | Entered Level 10 of the Dungeon
  8671 | D:10     | 8671 ||| FLEEEEING.
  8672 | D:10     | 8672 ||| FLEEEEING.
  8673 | D:10     | 8673 ||| FLEEEEING.
  8674 | D:10     | 8674 ||| FLEEEEING.
  8675 | D:10     | 8675 ||| FLEEEEING.
  8676 | D:10     | 8676 ||| STAIRDANCE
  8719 | D:10     | 8719 ||| STAIRDANCE
  8780 | D:10     | 8780 ||| STAIRDANCE
  8902 | D:10     | 8902 ||| INVOKING Heroism.
  9128 | D:10     | 9128 ||| INVOKING Heroism.
  9130 | D:10     | Reached XP level 11. HP: 41/69 MP: 11/14
  9135 | D:10     | Reached skill level 9 in Fighting
  9283 | D:10     | 9283 ||| Stepping ~*~*~tactically~*~*~ (stealth).
  9338 | D:10     | 9338 ||| READING scroll of enchant armour.
  9338 | D:10     | 9338 ||| ENCHANTING +1 helmet.
  9412 | D:10     | Found a sparkling altar of Nemelex Xobeh.
  9444 | D:10     | 9444 ||| READING scroll of enchant armour.
  9444 | D:10     | 9444 ||| ENCHANTING +0 plate armour.
  9578 | D:10     | 9578 ||| UPGRADING to +0 pair of boots.
  9583 | D:10     | 9583 ||| READING 2 scrolls of identify.
  9583 | D:10     | 9583 ||| IDENTIFYING metallic black potion
  9584 | D:10     | 9584 ||| DROPPING potion of enlightenment.
  9627 | D:11     | Found a staircase to the Orcish Mines.
  9631 | D:11     | Noticed a two-headed ogre
  9632 | D:11     | 9632 ||| INVOKING Heroism.
  9660 | D:11     | 9660 ||| INVOKING Heroism.
  9663 | D:11     | Killed a two-headed ogre
  9671 | D:11     | Reached *** piety under Okawaru
  9682 | D:11     | 9682 ||| INVOKING Heroism.
  9715 | D:11     | 9715 ||| FLEEEEING.
  9716 | D:11     | 9716 ||| STAIRDANCE
  9816 | D:11     | Noticed a green ugly thing
  9839 | D:11     | Killed a green ugly thing
  9896 | D:11     | 9896 ||| Stepping ~*~*~tactically~*~*~ (stealth).
  9897 | D:11     | Noticed a cyclops
  9898 | D:11     | 9898 ||| INVOKING Heroism.
  9913 | D:11     | Killed a cyclops
  9951 | D:11     | Noticed a manticore
  9952 | D:11     | 9952 ||| INVOKING Heroism.
  9961 | D:11     | Killed a manticore
  9962 | D:11     | Reached skill level 12 in Axes
 10057 | D:11     | Noticed a cyclops
 10058 | D:11     | 10058 ||| Stepping ~*~*~tactically~*~*~ (hiding).
 10059 | D:11     | 10059 ||| Stepping ~*~*~tactically~*~*~ (hiding).
 10061 | D:11     | 10061 ||| Stepping ~*~*~tactically~*~*~ (hiding).
 10062 | D:11     | 10062 ||| Stepping ~*~*~tactically~*~*~ (hiding).
 10064 | D:11     | 10064 ||| INVOKING Heroism.
 10075 | D:11     | Killed a cyclops
 10160 | D:11     | Identified the +2 robe of Philately {SInv Archmagi}
 10266 | D:11     | Noticed a boulder beetle
 10267 | D:11     | 10267 ||| INVOKING Heroism.
 10283 | D:11     | Killed a boulder beetle
 10283 | D:11     | Reached **** piety under Okawaru
 10284 | D:11     | Reached skill level 9 in Armour
 10352 | D:11     | Found a staircase to the Lair.
 10353 | D:11     | 10353 ||| INVOKING Heroism.
 10442 | D:11     | 10442 ||| PLANNING LAIR
 10442 | D:11     | 10442 ||| READING 2 scrolls of identify.
 10442 | D:11     | 10442 ||| IDENTIFYING bubbling amethyst potion
 10499 | Lair:1   | Entered Level 1 of the Lair of Beasts
 10500 | Lair:1   | 10500 ||| INVOKING Heroism.
 10698 | Lair:1   | 10698 ||| INVOKING Heroism.
 10714 | Lair:1   | Reached skill level 6 in Shields
 10762 | Lair:1   | 10762 ||| READING scroll of enchant weapon.
 10762 | Lair:1   | 10762 ||| ENCHANTING +4 war axe.
 10840 | Lair:1   | 10840 ||| INVOKING Heroism.
 10933 | Lair:1   | 10933 ||| INVOKING Heroism.
 11098 | Lair:1   | 11098 ||| Stepping ~*~*~tactically~*~*~ (stealth).
 11102 | Lair:1   | 11102 ||| INVOKING Heroism.
 11111 | Lair:1   | Reached XP level 12. HP: 76/76 MP: 12/15
 11384 | Lair:1   | 11384 ||| DROPPING +6 ring of intelligence.
 11446 | Lair:2   | Noticed a catoblepas
 11447 | Lair:2   | 11447 ||| Stepping ~*~*~tactically~*~*~ (hiding).
 11448 | Lair:2   | 11448 ||| Stepping ~*~*~tactically~*~*~ (hiding).
 11453 | Lair:2   | 11453 ||| INVOKING Heroism.
 11457 | Lair:2   | Reached skill level 3 in Throwing
 11464 | Lair:2   | Killed a catoblepas
 11465 | Lair:2   | Reached skill level 6 in Invocations
 11567 | Lair:2   | Noticed Maggie
 11576 | Lair:2   | Killed Maggie
 11609 | Lair:2   | 11609 ||| Stepping ~*~*~tactically~*~*~ (stealth).
 11610 | Lair:2   | 11610 ||| Stepping ~*~*~tactically~*~*~ (stealth).
 11611 | Lair:2   | 11611 ||| INVOKING Heroism.
 11614 | Lair:2   | 11614 ||| Stepping ~*~*~tactically~*~*~ (stealth).
 11626 | Lair:2   | 11626 ||| INVOKING Heroism.
 11701 | Lair:2   | 11701 ||| INVOKING Heroism.
 11778 | Lair:2   | 11778 ||| INVOKING Heroism.
 11913 | Lair:2   | 11913 ||| INVOKING Heroism.
 12086 | Lair:2   | 12086 ||| Stepping ~*~*~tactically~*~*~ (stealth).
 12088 | Lair:2   | 12088 ||| Stepping ~*~*~tactically~*~*~ (stealth).
 12090 | Lair:2   | 12090 ||| Stepping ~*~*~tactically~*~*~ (stealth).
 12119 | Lair:2   | 12119 ||| INVOKING Heroism.
 12203 | Lair:2   | Found a staircase to the Swamp.
 12318 | Lair:2   | Noticed Fannar
 12320 | Lair:2   | 12320 ||| Stepping ~*~*~tactically~*~*~ (hiding).
 12363 | Lair:2   | 12363 ||| INVOKING Heroism.
 12364 | Lair:2   | Killed Fannar
 12536 | Lair:2   | 12536 ||| INVOKING Heroism.
 12557 | Lair:2   | 12557 ||| UPGRADING to amulet of the acrobat.
 12565 | Lair:2   | Noticed a catoblepas
 12570 | Lair:2   | 12570 ||| INVOKING Heroism.
 12575 | Lair:2   | Killed a catoblepas
 12576 | Lair:2   | Reached skill level 9 in Invocations
 12675 | Lair:2   | 12675 ||| READING scroll labelled BUGOUBO QALEHA.
 12679 | Lair:2   | 12679 ||| INVOKING Heroism.
 12806 | Lair:2   | Noticed an eight-headed hydra
 12807 | Lair:2   | 12807 ||| INVOKING Heroism.
 12810 | Lair:2   | 12810 ||| SWAPPING to -2 morningstar.
 12819 | Lair:2   | Killed an eight-headed hydra
 12820 | Lair:2   | Reached XP level 13. HP: 35/82 MP: 17/20
 12848 | Lair:2   | 12848 ||| INVOKING Heroism.
 13007 | Lair:2   | 13007 ||| UPGRADING to +5 war axe.
 13279 | Lair:3   | 13279 ||| INVOKING Heroism.
 13286 | Lair:3   | 13286 ||| SWAPPING to -2 morningstar.
 13426 | Lair:3   | 13426 ||| UPGRADING to +5 war axe.
 13497 | Lair:3   | 13497 ||| Stepping ~*~*~tactically~*~*~ (stealth).
 13499 | Lair:3   | 13499 ||| Stepping ~*~*~tactically~*~*~ (hiding).
 13585 | Lair:3   | 13585 ||| INVOKING Heroism.
 13712 | Lair:3   | Found a staircase to the Snake Pit.
 13807 | Lair:3   | 13807 ||| INVOKING Heroism.
 13914 | Lair:3   | 13914 ||| INVOKING Heroism.
 14013 | Lair:3   | 14013 ||| Stepping ~*~*~tactically~*~*~ (stealth).
 14037 | Lair:3   | 14037 ||| Stepping ~*~*~tactically~*~*~ (stealth).
 14199 | Lair:3   | 14199 ||| READING scroll labelled TIHOUMYMYSM.
 14246 | Lair:4   | 14246 ||| INVOKING Heroism.
 14261 | Lair:4   | Received a gift from Okawaru
 14281 | Lair:4   | 14281 ||| Stepping ~*~*~tactically~*~*~ (stealth).
 14283 | Lair:4   | 14283 ||| Stepping ~*~*~tactically~*~*~ (stealth).
 14296 | Lair:4   | 14296 ||| Stepping ~*~*~tactically~*~*~ (stealth).
 14308 | Lair:4   | 14308 ||| SWAPPING to -2 morningstar.
 14334 | Lair:4   | 14334 ||| FLEEEEING.
 14335 | Lair:4   | 14335 ||| FLEEEEING.
 14336 | Lair:4   | 14336 ||| FLEEEEING.
 14337 | Lair:4   | 14337 ||| FLEEEEING.
 14338 | Lair:4   | 14338 ||| FLEEEEING.
 14339 | Lair:4   | 14339 ||| FLEEEEING.
 14340 | Lair:4   | 14340 ||| FLEEEEING.
 14341 | Lair:4   | 14341 ||| FLEEEEING.
 14342 | Lair:4   | 14342 ||| FLEEEEING.
 14343 | Lair:4   | 14343 ||| FLEEEEING.
 14344 | Lair:4   | 14344 ||| FLEEEEING.
 14345 | Lair:4   | 14345 ||| FLEEEEING.
 14346 | Lair:4   | 14346 ||| FLEEEEING.
 14347 | Lair:4   | 14347 ||| FLEEEEING.
 14348 | Lair:4   | 14348 ||| FLEEEEING.
 14349 | Lair:4   | 14349 ||| FLEEEEING.
 14350 | Lair:4   | 14350 ||| FLEEEEING.
 14351 | Lair:4   | 14351 ||| FLEEEEING.
 14352 | Lair:4   | 14352 ||| FLEEEEING.
 14353 | Lair:4   | 14353 ||| FLEEEEING.
 14354 | Lair:4   | 14354 ||| FLEEEEING.
 14355 | Lair:4   | 14355 ||| STAIRDANCE
 14410 | Lair:3   | 14410 ||| UPGRADING to +5 vampiric war axe.
 14413 | Lair:4   | 14413 ||| STAIRDANCE
 14415 | Lair:3   | 14415 ||| INVOKING Heroism.
 14509 | Lair:4   | 14509 ||| Stepping ~*~*~tactically~*~*~ (stealth).
 14510 | Lair:4   | 14510 ||| Stepping ~*~*~tactically~*~*~ (stealth).
 14511 | Lair:4   | 14511 ||| INVOKING Heroism.
 14637 | Lair:4   | Identified the +5 ring mail of Happiness {Str+3}
 14642 | Lair:4   | Identified the +5 orcbow of the Neverending Moons {speed,
                  | rPois Dex+4}
 14654 | Lair:4   | 14654 ||| Stepping ~*~*~tactically~*~*~ (stealth).
 14701 | Lair:4   | 14701 ||| INVOKING Heroism.
 14739 | Lair:4   | 14739 ||| INVOKING Heroism.
 14762 | Lair:4   | Received a gift from Okawaru
 14831 | Lair:4   | Reached ***** piety under Okawaru
 14831 | Lair:4   | Received a gift from Okawaru
 14878 | Lair:4   | Gained mutation: Your large and strong wings let you fly.
                  | [Gargoyle growth]
 14878 | Lair:4   | Reached XP level 14. HP: 90/90 MP: 21/21
 14882 | Lair:4   | 14882 ||| INVOKING Heroism.
 14888 | Lair:4   | 14888 ||| SWAPPING to -2 morningstar.
 14894 | Lair:4   | Reached skill level 15 in Axes
 14902 | Lair:4   | 14902 ||| UPGRADING to +5 vampiric war axe.
 14989 | Lair:4   | 14989 ||| INVOKING Heroism.
 14990 | Lair:4   | 14990 ||| SWAPPING to -2 morningstar.
 15136 | Lair:4   | 15136 ||| UPGRADING to +5 vampiric war axe.
 15157 | Lair:4   | 15157 ||| INVOKING Heroism.
 15431 | Lair:4   | Found a staircase to the Slime Pits.
 15431 | Lair:4   | Found a viscous altar of Jiyva.
 15585 | Lair:4   | 15585 ||| INVOKING Heroism.
 15590 | Lair:4   | 15590 ||| SWAPPING to -2 morningstar.
 15672 | Lair:4   | 15672 ||| UPGRADING to +5 vampiric war axe.
 16140 | Lair:4   | 16140 ||| READING scroll labelled WUMAECUOKH.
 16185 | Lair:5   | Entered Level 5 of the Lair of Beasts
 16218 | Lair:5   | 16218 ||| INVOKING Heroism.
 16324 | Lair:5   | 16324 ||| Stepping ~*~*~tactically~*~*~ (stealth).
 16336 | Lair:5   | 16336 ||| INVOKING Heroism.
 16383 | Lair:5   | 16383 ||| INVOKING Heroism.
 16386 | Lair:5   | 16386 ||| Stepping ~*~*~tactically~*~*~ (stealth).
 16387 | Lair:5   | 16387 ||| SWAPPING to -2 morningstar.
 16419 | Lair:5   | Reached skill level 12 in Fighting
 16419 | Lair:5   | HP: 23/92 [wolf (7)]
 16420 | Lair:5   | 16420 ||| READING 5 scrolls of teleportation.
 16423 | Lair:5   | 16423 ||| DRINKING 3 potions of heal wounds.
 16424 | Lair:5   | 16424 ||| INVOKING Heroism.
 16553 | Lair:5   | 16553 ||| UPGRADING to +5 vampiric war axe.
 16640 | Lair:5   | 16640 ||| INVOKING Heroism.
 16721 | Lair:5   | 16721 ||| INVOKING Heroism.
 16725 | Lair:5   | Received a gift from Okawaru
 16729 | Lair:5   | 16729 ||| SWAPPING to -2 morningstar.
 16743 | Lair:5   | HP: 23/92 [six-headed hydra (2)]
 16744 | Lair:5   | 16744 ||| READING 4 scrolls of teleportation.
 16745 | Lair:5   | 16745 ||| DRINKING 2 potions of heal wounds.
 16748 | Lair:5   | Noticed Urug
 16748 | Lair:5   | HP: 16/92 [hell hound/blast of flame (8)]
 16749 | Lair:5   | 16749 ||| READING 3 scrolls of teleportation.
 16750 | Lair:5   | 16750 ||| DRINKING potion of heal wounds.
 16754 | Lair:5   | HP: 21/92 [wolf (3)]
 16755 | Lair:5   | 16755 ||| READING 2 scrolls of teleportation.
 16957 | Lair:5   | 16957 ||| UPGRADING to +5 vampiric war axe.
 17101 | Lair:5   | Identified the +0 scale mail "Inum" {+Blink Will+ Int+2}
 17105 | Lair:5   | 17105 ||| Stepping ~*~*~tactically~*~*~ (stealth).
 17148 | Lair:5   | 17148 ||| INVOKING Heroism.
 17170 | Lair:5   | 17170 ||| Stepping ~*~*~tactically~*~*~ (stealth).
 17191 | Lair:5   | Received a gift from Okawaru
 17208 | Lair:5   | 17208 ||| Stepping ~*~*~tactically~*~*~ (stealth).
 17210 | Lair:5   | 17210 ||| Stepping ~*~*~tactically~*~*~ (stealth).
 17216 | Lair:5   | 17216 ||| INVOKING Heroism.
 17246 | Lair:5   | Killed Urug
 17339 | Lair:5   | 17339 ||| INVOKING Heroism.
 17347 | Lair:5   | Received a gift from Okawaru
 17406 | Lair:5   | 17406 ||| INVOKING Heroism.
 17445 | Lair:5   | 17445 ||| Stepping ~*~*~tactically~*~*~ (stealth).
 17446 | Lair:5   | 17446 ||| Stepping ~*~*~tactically~*~*~ (stealth).
 17454 | Lair:5   | Identified the +0 robe of Otheeh {Stlth+}
 17539 | Lair:5   | 17539 ||| Stepping ~*~*~tactically~*~*~ (stealth).
 17573 | Lair:5   | 17573 ||| Stepping ~*~*~tactically~*~*~ (hiding).
 17574 | Lair:5   | 17574 ||| Stepping ~*~*~tactically~*~*~ (hiding).
 17655 | Lair:5   | 17655 ||| Stepping ~*~*~tactically~*~*~ (stealth).
 17657 | Lair:5   | 17657 ||| Stepping ~*~*~tactically~*~*~ (hiding).
 17665 | Lair:5   | 17665 ||| Stepping ~*~*~tactically~*~*~ (hiding).
 17829 | Lair:5   | 17829 ||| Stepping ~*~*~tactically~*~*~ (hiding).
 17835 | Lair:5   | 17835 ||| INVOKING Heroism.
 17846 | Lair:5   | Reached skill level 6 in Throwing
 18011 | Lair:5   | 18011 ||| Stepping ~*~*~tactically~*~*~ (stealth).
 18017 | Lair:5   | Received a gift from Okawaru
 18023 | Lair:5   | 18023 ||| INVOKING Heroism.
 18025 | Lair:5   | 18025 ||| Stepping ~*~*~tactically~*~*~ (stealth).
 18026 | Lair:5   | 18026 ||| Stepping ~*~*~tactically~*~*~ (stealth).
 18027 | Lair:5   | 18027 ||| SWAPPING to -2 morningstar.
 18152 | Lair:5   | 18152 ||| UPGRADING to +5 vampiric war axe.
 18165 | Lair:5   | 18165 ||| Stepping ~*~*~tactically~*~*~ (stealth).
 18198 | Lair:5   | 18198 ||| Stepping ~*~*~tactically~*~*~ (stealth).
 18203 | Lair:5   | Received a gift from Okawaru
 18204 | Lair:5   | Reached XP level 15. HP: 96/96 MP: 22/22
 18221 | Lair:5   | 18221 ||| Stepping ~*~*~tactically~*~*~ (hiding).
 18227 | Lair:5   | 18227 ||| INVOKING Heroism.
 18242 | Lair:5   | Received a gift from Okawaru
 18383 | Lair:5   | 18383 ||| PLANNING D
 18383 | Lair:5   | 18383 ||| UPGRADING to +5 ring of evasion.
 18385 | Lair:5   | 18385 ||| UPGRADING to ring of see invisible.
 18492 | D:12     | 18492 ||| Stepping ~*~*~tactically~*~*~ (hiding).
 18493 | D:12     | 18493 ||| Stepping ~*~*~tactically~*~*~ (stealth).
 18688 | D:12     | 18688 ||| Stepping ~*~*~tactically~*~*~ (stealth).
 18690 | D:12     | 18690 ||| Stepping ~*~*~tactically~*~*~ (stealth).
 18709 | D:12     | 18709 ||| Stepping ~*~*~tactically~*~*~ (stealth).
 18714 | D:12     | Reached skill level 12 in Armour
 19140 | D:12     | 19140 ||| UPGRADING to scarf of repulsion.
 19145 | D:12     | 19145 ||| READING 3 scrolls of identify.
 19145 | D:12     | 19145 ||| IDENTIFYING smoky sapphire potion
 19146 | D:12     | 19146 ||| DROPPING potion of berserk rage.
 19158 | D:13     | Identified the +1 scale mail of the Zealous God {Harm
                  | Rampage rC- Stlth+}
 19177 | D:13     | Found the +2 Maxwell's thermic engine {flame, freeze, rev}
 19303 | D:13     | 19303 ||| READING scroll of teleportation.
 19304 | D:13     | 19304 ||| FLEEEEING.
 19306 | D:13     | 19306 ||| FLEEEEING.
 19307 | D:13     | 19307 ||| FLEEEEING.
 19316 | D:13     | 19316 ||| INVOKING Heroism.
 19562 | D:13     | 19562 ||| Stepping ~*~*~tactically~*~*~ (hiding).
 19564 | D:13     | 19564 ||| Stepping ~*~*~tactically~*~*~ (hiding).
 19565 | D:13     | 19565 ||| Stepping ~*~*~tactically~*~*~ (hiding).
 19895 | D:13     | 19895 ||| UPGRADING to +0 crystal plate armour.
 19905 | D:13     | 19905 ||| DROPPING +1 plate armour.
 19906 | D:13     | 19906 ||| UPGRADING to +2 pair of boots.
 19916 | D:13     | 19916 ||| DROPPING +0 pair of boots.
 19975 | D:14     | Noticed Nessos
 19976 | D:14     | 19976 ||| Stepping ~*~*~tactically~*~*~ (hiding).
 19988 | D:14     | Noticed Josephine
 20000 | D:14     | Killed Josephine
 20001 | D:14     | 20001 ||| INVOKING Finesse.
 20077 | D:14     | Killed Nessos
 20138 | D:14     | 20138 ||| Stepping ~*~*~tactically~*~*~ (stealth).
 20140 | D:14     | 20140 ||| Stepping ~*~*~tactically~*~*~ (stealth).
 20152 | D:14     | 20152 ||| Stepping ~*~*~tactically~*~*~ (hiding).
 20263 | D:14     | 20263 ||| Stepping ~*~*~tactically~*~*~ (stealth).
 20265 | D:14     | 20265 ||| INVOKING Heroism.
 20308 | D:14     | Found a gate to the Vaults.
 20366 | D:14     | Found Plog's Distillery.
 20380 | D:14     | 20380 ||| BUYING potion of attraction (57 gold).
 20380 | D:14     | Bought a potion of attraction for 57 gold pieces
 20380 | D:14     | 20380 ||| BUYING potion of curing (57 gold).
 20380 | D:14     | Bought a potion of curing for 57 gold pieces
 20380 | D:14     | 20380 ||| BUYING potion of curing (57 gold).
 20380 | D:14     | Bought a potion of curing for 57 gold pieces
 20380 | D:14     | 20380 ||| BUYING potion of might (76 gold).
 20380 | D:14     | Bought a potion of might for 76 gold pieces
 20380 | D:14     | 20380 ||| BUYING potion of might (76 gold).
 20380 | D:14     | Bought a potion of might for 76 gold pieces
 20380 | D:14     | 20380 ||| BUYING potion of might (76 gold).
 20380 | D:14     | Bought a potion of might for 76 gold pieces
 20382 | D:14     | 20382 ||| Stepping ~*~*~tactically~*~*~ (stealth).
 20408 | D:14     | Noticed Agnes
 20409 | D:14     | 20409 ||| Stepping ~*~*~tactically~*~*~ (stealth).
 20411 | D:14     | 20411 ||| INVOKING Heroism.
 20412 | D:14     | 20412 ||| INVOKING Finesse.
 20430 | D:14     | Killed Agnes
 20448 | D:14     | 20448 ||| Stepping ~*~*~tactically~*~*~ (stealth).
 20463 | D:14     | 20463 ||| Stepping ~*~*~tactically~*~*~ (stealth).
 20469 | D:14     | Noticed Kirke
 20470 | D:14     | 20470 ||| INVOKING Finesse.
 20471 | D:14     | 20471 ||| Stepping ~*~*~tactically~*~*~ (stealth).
 20476 | D:14     | 20476 ||| DRINKING potion of cancellation.
 20489 | D:14     | Killed Kirke
 20491 | D:14     | 20491 ||| Stepping ~*~*~tactically~*~*~ (stealth).
 20502 | D:14     | 20502 ||| Stepping ~*~*~tactically~*~*~ (stealth).
 20600 | D:14     | 20600 ||| Stepping ~*~*~tactically~*~*~ (stealth).
 20873 | D:15     | Entered Level 15 of the Dungeon
 20875 | D:15     | 20875 ||| Stepping ~*~*~tactically~*~*~ (hiding).
 20876 | D:15     | 20876 ||| Stepping ~*~*~tactically~*~*~ (hiding).
 20934 | D:15     | 20934 ||| Stepping ~*~*~tactically~*~*~ (stealth).
 20935 | D:15     | 20935 ||| Stepping ~*~*~tactically~*~*~ (stealth).
 20937 | D:15     | 20937 ||| Stepping ~*~*~tactically~*~*~ (hiding).
 20942 | D:15     | 20942 ||| INVOKING Heroism.
 20967 | D:15     | 20967 ||| INVOKING Heroism.
 21018 | D:15     | 21018 ||| INVOKING Heroism.
 21078 | D:15     | 21078 ||| Stepping ~*~*~tactically~*~*~ (stealth).
 21079 | D:15     | 21079 ||| Stepping ~*~*~tactically~*~*~ (stealth).
 21086 | D:15     | 21086 ||| INVOKING Heroism.
 21087 | D:15     | Noticed a frost giant
 21088 | D:15     | 21088 ||| INVOKING Finesse.
 21113 | D:15     | Killed a frost giant
 21192 | D:15     | Found a burning altar of Makhleb.
 21193 | D:15     | Found a broken altar of Ashenzari.
 21194 | D:15     | Found an ornate altar of the Wu Jian Council.
 21201 | D:15     | 21201 ||| INVOKING Heroism.
 21304 | D:15     | 21304 ||| Stepping ~*~*~tactically~*~*~ (hiding).
 21331 | D:15     | Found a staircase to the Depths.
 21448 | D:15     | Reached skill level 15 in Armour
 21456 | D:15     | 21456 ||| INVOKING Heroism.
 21460 | D:15     | Received a gift from Okawaru
 21490 | D:15     | 21490 ||| INVOKING Finesse.
 21497 | D:15     | Received a gift from Okawaru
 21499 | D:15     | 21499 ||| INVOKING Heroism.
 21513 | D:15     | Reached XP level 16. HP: 75/103 MP: 16/23
 21533 | D:15     | 21533 ||| SWAPPING to -2 morningstar.
 21543 | D:15     | Received a gift from Okawaru
 21581 | D:15     | 21581 ||| INVOKING Heroism.
 21672 | D:15     | 21672 ||| Stepping ~*~*~tactically~*~*~ (stealth).
 21752 | D:15     | 21752 ||| UPGRADING to +5 vampiric war axe.
 21760 | D:15     | 21760 ||| Stepping ~*~*~tactically~*~*~ (stealth).
 21831 | D:15     | 21831 ||| Stepping ~*~*~tactically~*~*~ (hiding).
 21835 | D:15     | 21835 ||| INVOKING Heroism.
 21869 | D:15     | 21869 ||| Stepping ~*~*~tactically~*~*~ (stealth).
 21933 | D:15     | 21933 ||| Stepping ~*~*~tactically~*~*~ (hiding).
 21948 | D:15     | 21948 ||| Stepping ~*~*~tactically~*~*~ (stealth).
 21953 | D:15     | 21953 ||| Stepping ~*~*~tactically~*~*~ (hiding).
 21954 | D:15     | 21954 ||| Stepping ~*~*~tactically~*~*~ (hiding).
 21972 | D:15     | 21972 ||| Stepping ~*~*~tactically~*~*~ (hiding).
 22003 | D:15     | 22003 ||| INVOKING Heroism.
 22030 | D:15     | 22030 ||| INVOKING Finesse.
 22030 | D:15     | Identified the +0 bardiche of Equilibrium {spect, rF- rN++}
 22031 | D:15     | 22031 ||| Stepping ~*~*~tactically~*~*~ (hiding).
 22034 | D:15     | 22034 ||| Stepping ~*~*~tactically~*~*~ (hiding).
 22058 | D:15     | Reached skill level 9 in Shields
 22095 | D:15     | 22095 ||| Stepping ~*~*~tactically~*~*~ (stealth).
 22096 | D:15     | 22096 ||| INVOKING Heroism.
 22105 | D:15     | 22105 ||| SWAPPING to -2 morningstar.
 22165 | D:15     | Noticed a tengu reaver
 22166 | D:15     | 22166 ||| INVOKING Heroism.
 22179 | D:15     | Killed a tengu reaver
 22181 | D:15     | 22181 ||| FLEEEEING.
 22182 | D:15     | 22182 ||| FLEEEEING.
 22183 | D:15     | 22183 ||| FLEEEEING.
 22184 | D:15     | 22184 ||| FLEEEEING.
 22185 | D:15     | 22185 ||| FLEEEEING.
 22346 | D:15     | 22346 ||| UPGRADING to +5 vampiric war axe.
 22359 | D:15     | 22359 ||| Stepping ~*~*~tactically~*~*~ (hiding).
 22360 | D:15     | 22360 ||| Stepping ~*~*~tactically~*~*~ (stealth).
 22376 | D:15     | 22376 ||| DROPPING +0 hand axe.
 22380 | D:15     | Noticed a storm dragon
 22381 | D:15     | 22381 ||| Stepping ~*~*~tactically~*~*~ (stealth).
 22382 | D:15     | 22382 ||| Stepping ~*~*~tactically~*~*~ (stealth).
 22383 | D:15     | 22383 ||| INVOKING Heroism.
 22400 | D:15     | Killed a storm dragon
 22472 | D:15     | Identified the +6 great sword "Utuevaj" {vamp, Dex+3}
 22508 | D:15     | 22508 ||| Stepping ~*~*~tactically~*~*~ (stealth).
 22509 | D:15     | 22509 ||| Stepping ~*~*~tactically~*~*~ (hiding).
 22510 | D:15     | 22510 ||| Stepping ~*~*~tactically~*~*~ (hiding).
 22514 | D:15     | 22514 ||| Stepping ~*~*~tactically~*~*~ (hiding).
 22535 | D:15     | 22535 ||| FLEEEEING.
 22575 | D:15     | 22575 ||| Stepping ~*~*~tactically~*~*~ (stealth).
 22586 | D:15     | Received a gift from Okawaru
 22610 | D:15     | 22610 ||| INVOKING Heroism.
 22642 | D:15     | 22642 ||| Stepping ~*~*~tactically~*~*~ (stealth).
 22644 | D:15     | 22644 ||| Stepping ~*~*~tactically~*~*~ (stealth).
 22649 | D:15     | 22649 ||| Stepping ~*~*~tactically~*~*~ (stealth).
 22652 | D:15     | 22652 ||| Stepping ~*~*~tactically~*~*~ (hiding).
 22661 | D:15     | 22661 ||| INVOKING Heroism.
 22684 | D:15     | 22684 ||| Stepping ~*~*~tactically~*~*~ (hiding).
 22688 | D:15     | 22688 ||| INVOKING Finesse.
 22723 | D:15     | 22723 ||| INVOKING Heroism.
 22730 | D:15     | 22730 ||| SWAPPING to -2 morningstar.
 22734 | D:15     | Received a gift from Okawaru
 22735 | D:15     | 22735 ||| UPGRADING to +5 vampiric war axe.
 22771 | D:15     | 22771 ||| Stepping ~*~*~tactically~*~*~ (stealth).
 22809 | D:15     | 22809 ||| FLEEEEING.
 22847 | D:15     | 22847 ||| INVOKING Heroism.
 22849 | D:15     | 22849 ||| SWAPPING to -2 morningstar.
 22867 | D:15     | 22867 ||| UPGRADING to +5 vampiric war axe.
 22891 | D:15     | 22891 ||| INVOKING Heroism.
 22895 | D:15     | Received a gift from Okawaru
 23011 | D:15     | 23011 ||| PLANNING ORC
 23011 | D:15     | 23011 ||| DROPPING +6 ring of dexterity.
 23012 | D:15     | 23012 ||| DROPPING ring of willpower.
 23013 | D:15     | 23013 ||| READING 7 scrolls of identify.
 23013 | D:15     | 23013 ||| IDENTIFYING metallic white potion
 23014 | D:15     | 23014 ||| DROPPING potion of ambrosia.
 23148 | Orc:1    | Entered Level 1 of the Orcish Mines
 23171 | Orc:1    | Found a runed translucent door.
 23172 | Orc:1    | Found a shimmering altar of Xom.
 23172 | Orc:1    | Noticed esran's ghost (journeyman TrFi)
 23176 | Orc:1    | 23176 ||| Stepping ~*~*~tactically~*~*~ (stealth).
 23177 | Orc:1    | 23177 ||| FLEEEEING.
 23178 | Orc:1    | 23178 ||| FLEEEEING.
 23179 | Orc:1    | 23179 ||| FLEEEEING.
 23180 | Orc:1    | 23180 ||| FLEEEEING.
 23181 | Orc:1    | 23181 ||| FLEEEEING.
 23182 | Orc:1    | 23182 ||| FLEEEEING.
 23183 | Orc:1    | 23183 ||| STAIRDANCE
 23287 | Orc:1    | 23287 ||| Stepping ~*~*~tactically~*~*~ (hiding).
 23292 | Orc:1    | 23292 ||| INVOKING Heroism.
 23295 | Orc:1    | Paralysed by an orc sorcerer for 4 turns
 23382 | Orc:1    | 23382 ||| Stepping randomly (stuck).
 23391 | Orc:2    | Entered Level 2 of the Orcish Mines
 23397 | Orc:2    | 23397 ||| INVOKING Heroism.
 23441 | Orc:2    | 23441 ||| INVOKING Heroism.
 23479 | Orc:2    | 23479 ||| INVOKING Heroism.
 23492 | Orc:2    | 23492 ||| INVOKING Heroism.
 23501 | Orc:2    | Found Zevedioh's Book Shop.
 23516 | Orc:2    | HP: 8/106 [orc knight/+0 halberd (23)]
 23517 | Orc:2    | Slain by an orc knight

Levels and vault maps discovered:
D:1:      sevenhm_arrival_forest_fort_large_4, layout_basic,
          nicolae_concentric_dashed_squares_wild,
          chequers_serial_rivers_micro_c, minmay_misc_feat_iff
D:2:      layout_basic
D:3:      layout_basic, mainiacjoe_overflow_chevrons, mainiacjoe_overflow_swirl
D:4:      layout_loops_corners, minmay_close_crescents
D:5:      layout_basic, gammafunk_ghost_nasty_kobolds
D:6:      layout_loops_cross
D:7:      old_forge, layout_layer_cave, minmay_temple_entry_nine_rooms,
          serial_shops, shop, minmay_increasing_density, uniq_pikel
D:8:      layout_loops_ring, mainiacjoe_overflow_brackets,
          lemuel_coloured_pillars_altar, uniq_erica
D:9:      layout_basic, enter_bailey_2, nicolae_elemental_shop,
          grunt_decor_junction
D:10:     layout_irregular_city, mainiacjoe_overflow_small_starburst,
          grunt_decor_mini_mirrors
D:11:     layout_layer_cave, grunt_lair_entry_orc_guard_hut, zombieorc2_lemuel
D:12:     layout_basic
D:13:     layout_basic
D:14:     layout_basic, david_vaults_4, serial_shops,
          nicolae_shop_industrial_runoff, uniq_nessos, uniq_agnes,
          uniq_josephine, uniq_kirke
D:15:     hangedman_slaughterboxes
Temple:   nicolae_temple_superstar
Lair:1:   layout_regular_city, gammafunk_lair_bear_cave,
          infiniplex_staircase_pool, serial_bayou_shore_b
Lair:2:   layout_regular_city, swamp_mist, minmay_shattered_shrine,
          serial_bayou_shore_a, uniq_maggie, uniq_fannar
Lair:3:   layout_concentric_octagons, dummy_snake_entry
Lair:4:   nzn_winding_woodlands_cross [nzn_winding_woodlands_5x15_parted,
          nzn_winding_woodlands_5x15_crooked,
          nzn_winding_woodlands_5x15_river_crossing,
          nzn_winding_woodlands_5x15_eye,
          nzn_winding_woodlands_15x15_five_gardens], layout_hall_layers,
          nicolae_slime_entry_slimehenge, wad_woods_road_01, ldierk_geyser,
          nicolae_lair_yak_garden, infiniplex_staircase_pool_2
Lair:5:   hangedman_lair_in_review, layout_small_grid,
          hangedman_lair_caniforms_friends, serial_bayou_shore_b, uniq_urug
Orc:1:    layout_diamond_mine, ebering_ghost_xom
Orc:2:    grunt_orc_gardens, layout_caves, grunt_orc_garden, grunt_orc_garden,
          grunt_orc_garden, grunt_orc_garden, guppyfry_library_mini

Skill      XL: |  1  2  3  4  5  6  7  8  9 10 11 12 13 14 15 16 |
---------------+-------------------------------------------------+-----
Axes           | 2 3 4 5 6 7 8 9 11 12 13 14 16 | 16.0
Throwing       | 1 2 4 6 7 8 |  8.0
Fighting       | 4 5 6 8 9 10 11 12 14 | 14.0
Armour         | 4 5 6 7 9 10 11 15 16 | 16.8
Dodging        | 1 2 |  2.2
Shields        | 4 5 6 7 8 9 |  9.0
Invocations    | 2 4 5 9 10 | 10.1

Action                     |  1- 3 |  4- 6 |  7- 9 | 10-12 | 13-15 | 16-18 || total
---------------------------+-------+-------+-------+-------+-------+-------++-------
  Melee: War axe           |   108 |    90 |   199 |   630 |  1170 |   384 ||  2581
         Morningstar       |       |       |       |     9 |   139 |   152 ||   300
  Throw: Javelin           |    20 |    17 |    49 |    35 |   107 |    21 ||   249
         Boomerang         |       |    24 |     7 |    88 |    43 |     3 ||   165
 Invoke: Heroism           |       |       |       |    34 |    37 |    16 ||    87
         Finesse           |       |       |       |       |     5 |     2 ||     7
    Use: Scroll            |     7 |     5 |     8 |     7 |     8 |     1 ||    36
         Potion            |     2 |     3 |     3 |     1 |     4 |       ||    13
   Stab: Distracted        |       |       |       |     1 |       |       ||     1
         Petrified         |       |       |       |       |    10 |       ||    10
 Armour: Scale mail        |    47 |       |       |       |       |       ||    47
         Chain mail        |    14 |    40 |       |       |       |       ||    54
         Plate armour      |       |    18 |   137 |   409 |   759 |       ||  1323
         Crystal plate arm |       |       |       |       |   196 |   319 ||   515
  Dodge: Dodged            |    47 |    36 |    58 |   199 |   576 |   255 ||  1171
         Repelled          |       |       |       |       |     3 |     7 ||    10
  Block: Buckler           |    15 |    15 |    28 |   130 |   317 |   123 ||   628

Table legend:
 A = Non-vault XP
 B = Vault XP
 C = Vault XP percentage of total XP
 D = Non-vault monster count
 E = Vault monster count
 F = Vault count percentage of total count
                 A         B        C        D         E       F
            +---------+---------+-------+---------+---------+-------
      Total |   60151 |  111839 |  65.0 |     367 |     319 |  46.5
            +---------+---------+-------+---------+---------+-------
        D:1 |      38 |       0 |   0.0 |      24 |       0 |   0.0
        D:2 |      18 |       0 |   0.0 |       8 |       0 |   0.0
        D:3 |     137 |       0 |   0.0 |      16 |       0 |   0.0
        D:4 |     232 |       4 |   1.7 |      26 |       2 |   7.1
        D:5 |     442 |       0 |   0.0 |      11 |       0 |   0.0
        D:6 |     389 |       0 |   0.0 |      12 |       0 |   0.0
        D:7 |     660 |    1362 |  67.4 |      19 |      21 |  52.5
        D:8 |     827 |     842 |  50.4 |      11 |       1 |   8.3
        D:9 |    2701 |       0 |   0.0 |      36 |       0 |   0.0
       D:10 |    2245 |       0 |   0.0 |      17 |       0 |   0.0
       D:11 |    4683 |    1222 |  20.7 |      13 |      40 |  75.5
       D:12 |    4819 |       0 |   0.0 |      20 |       0 |   0.0
       D:13 |    3188 |       0 |   0.0 |       7 |       0 |   0.0
       D:14 |    4494 |    7780 |  63.4 |      15 |      12 |  44.4
       D:15 |     877 |   54240 |  98.4 |       2 |      95 |  97.9
     Lair:1 |    2437 |     591 |  19.5 |      10 |       4 |  28.6
     Lair:2 |    6705 |    7703 |  53.5 |      28 |      15 |  34.9
     Lair:3 |    7571 |     333 |   4.2 |      26 |       1 |   3.7
     Lair:4 |    6409 |   12153 |  65.5 |      19 |      36 |  65.5
     Lair:5 |    9183 |   21075 |  69.7 |      28 |      78 |  73.6
      Orc:1 |    1305 |       0 |   0.0 |       6 |       0 |   0.0
      Orc:2 |     791 |    4534 |  85.1 |      13 |      14 |  51.9
            +---------+---------+-------+---------+---------+-------
